Description

This build uses strike fighters to clear infested structures in record time as well as get vision for spaceship/magmines/starport calldowns. Not sure which patch this is on, got the replay from the coop speedrun google sheet

Replay - Co-op DoN Zag/H&H, 路向前&mszy any% 9:54

Build Order

Get SALT Encoding   

  12  0:05  Starport Tech Lab  
  12  0:08  SCV  
  13  0:25  SCV  
  13  0:29  Supply Depot  
  15  0:42  SCV  
  15  0:51  Refinery  
  16  1:04  SCV  
  16  1:15  Assault Galleon  
  17  1:21  SCV  
  17  1:38  SCV  
  18  1:43  Refinery  
  18  1:55  SCV  
  20  2:12  SCV  
  20  2:20  Armory  
  20  2:29  SCV  
  21  2:46  SCV  
  22  2:53  Refinery  
  22  2:56  Supply Depot  
  23  3:03  SCV  
  24  3:20  SCV  
  24  3:31  Fusion Core  
  24  3:36  SCV  
  24  3:37  Strike Fighter Platform  
  27  3:44  Strike Fighter Platform  
  30  3:53  SCV  
  33  4:10  SCV  
  33  4:11  Strike Fighter Platform  
  33  4:22  Strike Fighter Platform  
  33  4:27  SCV  
  36  4:36  Napalm Payload  
  37  4:44  Supply Depot, SCV  
  37  5:06  SCV, Strike Fighter Platform  
  41  5:23  SCV  
  41  5:35  Strike Fighter Platform x2  
  46  5:40  SCV  
  46  5:57  SCV  
  49  6:03  Strike Fighter Platform  
  50  6:14  SCV  
  50  6:19  Strike Fighter Platform  
  55  6:31  SCV  
  55  6:32  Strike Fighter Platform  
  55  6:48  SCV  
  56  6:51  Engineering Bay  
  56  7:10  Assault Galleon x2  
  56  7:27  Jetpack Overdrive  
  56  7:39  Reaper  
  57  7:49  Hellbat  
  59  8:04  Reaper  
  60  8:14  Reaper x2  
  62  8:20  Assault Galleon  
  62  8:24  Reaper  
  63  8:30  Supply Depot x2, LE9 Cluster Charges  
  63  9:00  Reaper x3  
  63  9:10  Reaper x3  
  66  9:20  Reaper x3  
  68  9:30  Reaper x4  
Spawning Tool Build Advisor. Get it on Overwolf

Go to:

Details

  • Created by: acepilotpete
  • Published on: Feb 02, 2019
  • Modified on: Feb 02, 2019
  • Patch: 4.7.1
Show
View Real Time Build Order
Export as new Build Order

Comments (0)

There are no comments. Be the first!

Create an account to comment!